AoeStats
← a152419642

Golden Pit

509589100Analyzed
1v1 RM · 6d ago on Sep 27, 2026· 48m 29s· 2 players
Game mode
Random Map
Map size
Tiny (2 player)
Population
200
Speed
Normal
Resources
Standard
Victory
Conquest
Starting age
Dark Age
Ending age
Imperial Age
RankedLock teamsTeams togetherTeam positionsShared explorationLock speedFull tech treeHidden civsTurbo modeCheats
Victory
Defeat
🇹🇼 Malians · Taiwan
658
+15
🇫🇷 Mongols · France
647
-21
samuelporcargarcia
10:16 Feudal Age
13:15 Loom
16:15 Castle Age
18:13 Horse Collar
18:53 Double-Bit Axe
26:00 Padded Archer Armor
25:51 Fletching
27:20 Heavy Plow
27:52 Bow Saw
28:51 Gold Mining
29:57 Leather Archer Armor
32:03 Gold Shaft Mining
31:19 Stone Mining
32:21 Wheelbarrow
31:35 Town Watch
31:49 Bodkin Arrow
31:59 Scale Barding Armor
32:05 Forging
32:14 Thumb Ring
32:32 Ballistics
34:07 Town Patrol
34:24 Hand Cart
34:47 Chain Barding Armor
36:29 Nomads
36:38 Nomads
39:15 Imperial Age
37:51 Nomads
38:56 Squires
38:42 Arson
38:18 Pikeman
40:57 Chemistry
40:41 Elite Mangudai
43:01 Coinage
48:16 Banking
a152419642
9:30 Feudal Age
12:32 Horse Collar
20:45 Castle Age
20:57 Double-Bit Axe
20:57 Elite Skirmisher
23:19 Heavy Plow
25:16 Bow Saw
27:14 Pikeman
29:59 Wheelbarrow
32:44 Tigui
33:02 Gold Mining
35:48 Imperial Age
34:22 Hand Cart
33:55 Loom
34:16 Town Watch
35:20 Ballistics
35:07 Town Patrol
35:52 Cavalier
37:37 Farimba
38:45 Gold Shaft Mining
38:03 Stone Mining
39:49 Husbandry
39:59 Bloodlines
40:43 Conscription
40:53 Forging
40:49 Scale Barding Armor
41:23 Hoardings
41:07 Masonry
40:38 Treadmill Crane
42:25 Chemistry
42:00 Architecture
43:12 Light Cavalry
Connection lost

Rejoining the realm…

Still unreachable

The connection could not be restored.

Session expired

The server has moved on; the page needs a fresh start.